 Dungeon Crawl Stone Soup version 0.30.1-4-g462c640d31 (webtiles) character file.

Game seed: 4778763701643410256

53 H0rd4k the Charlatan (level 3, -6/23 HPs)
             Began as an Octopode Artificer on Sept 11, 2023.
             Shot with a sling bullet by a goblin (7 damage)
             ... on level 2 of the Dungeon.
             The game lasted 00:01:03 (733 turns).

H0rd4k the Charlatan (Octopode Artificer)            Turns: 733, Time: 00:01:03

Health: -6/23      AC:  1    Str: 11    XL:     3   Next: 87%
Magic:  3/3        EV: 13    Int: 21    God:
Gold:   38         SH:  0    Dex: 12    Spells: 2/2 levels left

rFire   . . .        (no weapon)
rCold   . . .        (no shield)
rNeg    . . .        (helmet restricted)
rPois   .            f - amulet of magic regeneration
rElec   .            a - +6 ring of intelligence
rCorr   .            (no ring)
SInv    .            (no ring)
Will    .....        (no ring)
Stlth   +++          (no ring)
HPRegen 0.23/turn    (no ring)
MPRegen 0.48/turn    (no ring)
                     (no ring)

%: no passive effects
@: no status effects
A: almost no armour, amphibious, 8 rings, camouflage 1, gelatinous body 1,
(nimble swimmer 1), tentacles
a: no special abilities


You were on level 2 of the Dungeon.
You visited 1 branch of the dungeon, and saw 2 of its levels.

You collected 38 gold pieces.

Inventory:

Jewellery
 a - a +6 ring of intelligence (left tentacle)
 f - an amulet of magic regeneration (around mantle)
 j - a ring of flight
Wands
 b - a wand of flame (12) (quivered)
 c - a wand of charming (9)
 d - a wand of iceblast (5)
Scrolls
 g - a scroll of identify {unknown}
 h - 4 scrolls of enchant armour {unknown}
Potions
 e - a potion of heal wounds {unknown}
 i - a potion of flight {unknown}


   Skills:
 + Level 1.1 Fighting
 + Level 3.2 Dodging
 - Level 1.3 Stealth
 + Level 0.6 Unarmed Combat
 + Level 4.3 Evocations


You had 2 spell levels left.
You didn't know any spells.
Your spell library was empty.

Dungeon Overview and Level Annotations

Branches:
Dungeon (2/15)

Altars:


Innate Abilities, Weirdness & Mutations

You cannot wear most types of armour.
You are amphibious.
You can wear up to eight rings at the same time.
Your skin changes colour to match your surroundings (Stealth+).
Your rubbery body absorbs attacks. (AC +1, EV +1)
((You are camouflaged when in or above water. (Stealth+)))
You have tentacles for arms and can constrict up to eight enemies at once.


Message History

The goblin shoots a sling bullet.
The sling bullet barely misses you.
There are monsters nearby!
You tentacle-slap the endoplasm.
The endoplasm is heavily wounded.
The endoplasm freezes you.
You are frozen.
You tentacle-slap the endoplasm. You squeeze the endoplasm.
You kill the endoplasm!
The rat bites you.
The goblin shoots a sling bullet.
The sling bullet hits you.
You tentacle-slap the rat.
You kill the rat!
The giant cockroach closely misses you.
The goblin shoots a sling bullet.
The sling bullet hits you.
The giant cockroach attacks as you move away!
The giant cockroach bites you but does no damage.
The giant cockroach attacks as you move away!
The giant cockroach completely misses you.
The giant cockroach bites you but does no damage.
You closely miss the giant cockroach. You grab the giant cockroach.
You constrict the giant cockroach. The giant cockroach bites you.
You tentacle-slap the giant cockroach.
You kill the giant cockroach!
You tentacle-slap the endoplasm.
The endoplasm is lightly wounded.
The endoplasm freezes you.
You are frozen.
* * * LOW HITPOINT WARNING * * *
You tentacle-slap the endoplasm.
The endoplasm is heavily wounded.
The endoplasm hits you.
* * * LOW HITPOINT WARNING * * *
You tentacle-slap the endoplasm.
The endoplasm is almost dead.
The endoplasm freezes you.
You are frozen.
* * * LOW HITPOINT WARNING * * *
You tentacle-slap the endoplasm.
You kill the endoplasm!
The goblin shoots a sling bullet.
The sling bullet hits you!
You die...

#.##.# #.##..#.# #.##.#
#.##..#.# .# ...
.....#####.##..#.###.###...#
#...........................
##########.#...............
# # #...........#....... #
#...#..####>...# ..# #
#...#..####....#..# #
#.....^@.g.<.....## #
##.....##.........## #
##.#.....[........# #
...........†.....#.
#.###.#####......... #. #.
#......### # #. ##!...... #.
......... .###.g###


You could see a goblin.

Vanquished Creatures
  2 gnolls (D:2)
  5 endoplasms
  A giant cockroach (D:2)
  3 goblins (D:1)
  A kobold (D:1)
  2 quokkas
  3 bats
  A frilled lizard (D:1)
  4 rats
22 creatures vanquished.

Vanquished Creatures (collateral kills)
  A gnoll (D:2)
  A goblin (D:1)
2 creatures vanquished.

Vanquished Creatures (others)
  An adder (D:2)
1 creature vanquished.

Grand Total: 25 creatures vanquished

Notes
Turn   | Place    | Note
-------+----------+-------------------------------------------
     0 | D:1      | H0rd4k the Octopode Artificer began the quest for the Orb.
     0 | D:1      | Reached XP level 1. HP: 13/13 MP: 1/1
   204 | D:1      | Reached XP level 2. HP: 18/18 MP: 2/2
   410 | D:1      | You fall into a shaft and drop 1 floor!
   469 | D:2      | Reached skill level 4 in Evocations
   469 | D:2      | Reached XP level 3. HP: 22/23 MP: 3/3
   661 | D:2      | Found a faded altar of an unknown god.
   732 | D:2      | HP: 1/23 [frozen (2)]
   733 | D:2      | Shot with a sling bullet by a goblin

Illustrated notes

Levels and vault maps discovered:
D:1:      lightli_arrival_quake, layout_loops_cross
D:2:      layout_loops_ring, basic_ecumenical_altar, columned_hall_lemuel,
          uniq_terence, uniq_crazy_yiuf_cottage

Skill      XL: |  1  2 |
---------------+-------+-----
Dodging        | 3 |  3.2
Evocations     | 4 |  4.3
Fighting       | |  1.1
Stealth        | |  1.3
Unarmed Combat | |  0.6

Action                     || total
---------------------------++-------
  Melee: Unarmed           ||    58
         Constrict         ||    12
         Tentacles         ||    12
  Evoke: Wand              ||     9
   Stab: Sleeping          ||     4
 Armour: Skin              ||     8
  Dodge: Dodged            ||    44
